[ AOE2 MATCH · #488041657 ]
UnrankedCumans vs Khitans
[ REPLAY ANALYSIS · EXTRACTED FROM THE RECORDED GAME ]
Feudal
8:40
Castle
33:31
Imperial
42:11
| APM avg | 41.6 |
| APM peak | 76 |
| eAPM avg | 25.6 |
| Villagers / military | 126 / 48 |
Focus
⚔️ 28.8% · 🌾 71.2%
Battering Ram ×48
Feudal
9:16
Castle
—
Imperial
—
| APM avg | 36.0 |
| APM peak | 87 |
| eAPM avg | 17.2 |
| Villagers / military | 80 / 20 |
Focus
⚔️ 41.2% · 🌾 58.8%
Scout Cavalry ×20
Feudal
8:55
Castle
27:15
Imperial
—
| APM avg | 54.6 |
| APM peak | 88 |
| eAPM avg | 26.9 |
| Villagers / military | 64 / 148 |
Focus
⚔️ 58.7% · 🌾 41.3%
Archer ×146 · Spearman ×1 · Eagle Scout ×1
Feudal
11:26
Castle
23:22
Imperial
—
| APM avg | 44.4 |
| APM peak | 98 |
| eAPM avg | 13.8 |
| Villagers / military | 91 / 146 |
Focus
⚔️ 25.8% · 🌾 74.2%
Archer ×144 · Spearman ×2
Match map
Initial resources + every placement click. Lines = walls · curves = elevation contours. ◆ gold · ⬟ stone · ● berries · ✦ relic · ◌ wall gap
Your base· Open — unwalled flank
Bacarah's base· Open — 8t gap
TAG_Sitaux's base· Open — 3t gap
hillpwn's base· Open — 8t gap
Smoothed initial terrain · ◌ = detected wall gap · hover for details
Inputs per minute
— Smiley - - Bacarah
Build order — Smiley
First 150 of 274 actions detected
| 0:01 | Create | Villager (Male) |
| 0:01 | Create | Villager (Male) |
| 0:01 | Create | Villager (Male) |
| 0:02 | Build | House |
| 0:04 | Build | House |
| 0:06 | Create | Villager (Male) |
| 0:06 | Create | Villager (Male) |
| 1:24 | Create | Villager (Male) |
| 1:57 | Build | Lumber Camp |
| 2:07 | Create | Villager (Male) |
| 2:19 | Create | Villager (Male) |
| 2:38 | Create | Villager (Male) |
| 3:02 | Build | House |
| 3:03 | Build | House |
| 3:16 | Create | Villager (Male) |
| 3:16 | Create | Villager (Male) |
| 3:55 | Create | Villager (Male) |
| 3:55 | Create | Villager (Male) |
| 3:55 | Create | Villager (Male) |
| 4:20 | Create | Villager (Male) |
| 4:20 | Create | Villager (Male) |
| 4:35 | Create | Villager (Male) |
| 5:47 | Build | Mill |
| 5:54 | Research | Loom |
| 6:30 | Research | Feudal Age |
| 7:06 | Create | Villager (Male) |
| 8:29 | Build | Mining Camp |
| 8:40 | Age | Feudal Age |
| 8:49 | Build | Blacksmith |
| 8:50 | Create | Villager (Male) |
| 9:18 | Research | Double-Bit Axe |
| 9:22 | Create | Villager (Male) |
| 9:48 | Create | Villager (Male) |
| 10:04 | Create | Villager (Male) |
| 10:07 | Build | House |
| 10:14 | Create | Villager (Male) |
| 10:20 | Build | House |
| 10:40 | Build | Siege Workshop |
| 10:49 | Create | Villager (Male) |
| 11:17 | Create | Battering Ram |
| 11:23 | Build | House |
| 11:25 | Create | Villager (Male) |
| 11:53 | Create | Battering Ram |
| 12:01 | Build | House |
| 12:02 | Create | Villager (Male) |
| 12:31 | Create | Villager (Male) |
| 12:57 | Create | Battering Ram |
| 13:04 | Create | Villager (Male) |
| 13:39 | Create | Villager (Male) |
| 13:40 | Create | Villager (Male) |
| 14:07 | Create | Villager (Male) |
| 14:07 | Create | Villager (Male) |
| 14:41 | Create | Villager (Male) |
| 14:50 | Build | Farm |
| 14:50 | Build | Farm |
| 14:50 | Build | Farm |
| 14:51 | Build | Farm |
| 14:51 | Build | Farm |
| 14:52 | Research | Horse Collar |
| 14:54 | Build | Farm |
| 14:55 | Build | Farm |
| 14:55 | Build | Farm |
| 15:00 | Build | House |
| 15:23 | Create | Villager (Male) |
| 15:33 | Build | House |
| 15:37 | Build | Farm |
| 15:39 | Build | Farm |
| 15:43 | Create | Battering Ram |
| 15:43 | Create | Battering Ram |
| 16:01 | Build | Farm |
| 16:05 | Build | Farm |
| 16:06 | Build | House |
| 16:44 | Create | Villager (Male) |
| 17:23 | Create | Villager (Male) |
| 17:23 | Create | Villager (Male) |
| 17:55 | Create | Villager (Male) |
| 18:00 | Build | House |
| 18:02 | Build | House |
| 18:16 | Create | Villager (Male) |
| 18:46 | Build | House |
| 18:47 | Build | Palisade Wall |
| 18:57 | Create | Battering Ram |
| 19:06 | Create | Villager (Male) |
| 19:07 | Create | Villager (Male) |
| 19:32 | Create | Villager (Male) |
| 19:50 | Create | Villager (Male) |
| 19:52 | Create | Battering Ram |
| 20:08 | Build | Palisade Gate |
| 20:24 | Build | House |
| 20:28 | Create | Villager (Male) |
| 20:28 | Create | Villager (Male) |
| 20:34 | Create | Battering Ram |
| 20:37 | Create | Villager (Male) |
| 20:38 | Create | Villager (Male) |
| 21:01 | Create | Villager (Male) |
| 21:01 | Create | Villager (Male) |
| 21:01 | Create | Villager (Male) |
| 21:06 | Create | Villager (Male) |
| 21:06 | Create | Villager (Male) |
| 21:06 | Create | Villager (Male) |
| 21:14 | Create | Villager (Male) |
| 21:19 | Create | Battering Ram |
| 21:19 | Create | Battering Ram |
| 21:36 | Create | Villager (Male) |
| 21:46 | Create | Villager (Male) |
| 21:49 | Research | Gold Mining |
| 22:15 | Create | Battering Ram |
| 22:19 | Create | Villager (Male) |
| 22:31 | Create | Villager (Male) |
| 22:32 | Create | Villager (Male) |
| 22:51 | Build | Lumber Camp |
| 23:06 | Create | Villager (Male) |
| 23:16 | Create | Villager (Male) |
| 23:24 | Create | Villager (Male) |
| 23:37 | Build | House |
| 23:38 | Create | Villager (Male) |
| 24:07 | Create | Villager (Male) |
| 24:17 | Create | Battering Ram |
| 24:19 | Create | Villager (Male) |
| 24:28 | Create | Battering Ram |
| 24:34 | Build | House |
| 24:41 | Create | Battering Ram |
| 24:54 | Build | House |
| 24:59 | Create | Battering Ram |
| 25:06 | Create | Battering Ram |
| 25:45 | Create | Battering Ram |
| 26:06 | Create | Villager (Male) |
| 26:30 | Create | Villager (Male) |
| 26:36 | Create | Battering Ram |
| 26:40 | Build | Town Center |
| 26:45 | Create | Villager (Male) |
| 26:47 | Research | Wheelbarrow |
| 26:53 | Build | House |
| 27:07 | Create | Villager (Male) |
| 27:08 | Create | Battering Ram |
| 27:12 | Create | Villager (Male) |
| 27:12 | Create | Villager (Male) |
| 27:27 | Create | Battering Ram |
| 27:32 | Create | Villager (Male) |
| 27:46 | Build | Mill |
| 28:01 | Create | Villager (Male) |
| 28:05 | Create | Villager (Male) |
| 28:05 | Create | Villager (Male) |
| 28:18 | Create | Battering Ram |
| 28:29 | Build | House |
| 28:31 | Build | Palisade Wall |
| 28:39 | Create | Villager (Male) |
| 28:42 | Build | Farm |
| 28:42 | Build | Farm |
| 28:42 | Build | Farm |
Build order — Bacarah
148 actions detected in the replay
| 0:00 | Create | Villager (Male) |
| 0:01 | Create | Villager (Male) |
| 0:02 | Build | House |
| 0:03 | Build | House |
| 0:10 | Create | Villager (Male) |
| 0:10 | Create | Villager (Male) |
| 1:24 | Create | Villager (Male) |
| 1:59 | Build | Lumber Camp |
| 2:00 | Create | Villager (Male) |
| 2:16 | Create | Villager (Male) |
| 2:49 | Create | Villager (Male) |
| 3:07 | Create | Villager (Male) |
| 3:10 | Build | House |
| 3:46 | Create | Villager (Male) |
| 4:09 | Create | Villager (Male) |
| 4:10 | Create | Villager (Male) |
| 4:21 | Build | Mill |
| 4:31 | Create | Villager (Male) |
| 4:35 | Create | Villager (Male) |
| 4:51 | Create | Villager (Male) |
| 5:00 | Create | Villager (Male) |
| 5:21 | Create | Villager (Male) |
| 5:30 | Create | Villager (Male) |
| 5:55 | Create | Villager (Male) |
| 6:02 | Create | Villager (Male) |
| 6:16 | Research | Loom |
| 6:19 | Create | Villager (Male) |
| 7:04 | Research | Feudal Age |
| 7:38 | Create | Villager (Male) |
| 8:11 | Build | House |
| 8:42 | Build | Barracks |
| 9:01 | Create | Villager (Male) |
| 9:12 | Create | Villager (Male) |
| 9:16 | Age | Feudal Age |
| 9:32 | Build | Stable |
| 9:38 | Create | Villager (Male) |
| 9:43 | Create | Villager (Male) |
| 9:46 | Create | Villager (Male) |
| 9:50 | Create | Villager (Male) |
| 10:01 | Create | Villager (Male) |
| 10:04 | Research | Double-Bit Axe |
| 10:17 | Create | Scout Cavalry |
| 10:17 | Create | Scout Cavalry |
| 10:27 | Build | House |
| 10:28 | Build | Palisade Wall |
| 10:29 | Create | Villager (Male) |
| 10:31 | Create | Villager (Male) |
| 10:51 | Build | Pasture |
| 10:59 | Build | Pasture |
| 11:10 | Build | House |
| 11:11 | Create | Villager (Male) |
| 11:15 | Create | Villager (Male) |
| 11:24 | Build | House |
| 11:26 | Build | Palisade Wall |
| 11:36 | Create | Villager (Male) |
| 11:48 | Create | Scout Cavalry |
| 11:50 | Build | Pasture |
| 11:53 | Create | Villager (Male) |
| 12:07 | Create | Villager (Male) |
| 12:13 | Build | Pasture |
| 12:26 | Create | Villager (Male) |
| 12:39 | Build | Blacksmith |
| 12:42 | Create | Scout Cavalry |
| 13:07 | Build | Pasture |
| 13:11 | Create | Villager (Male) |
| 13:46 | Create | Scout Cavalry |
| 14:31 | Create | Villager (Male) |
| 14:32 | Create | Villager (Male) |
| 14:52 | Build | Pasture |
| 14:52 | Build | Pasture |
| 14:52 | Build | Pasture |
| 14:52 | Build | Pasture |
| 14:54 | Create | Villager (Male) |
| 14:55 | Build | Pasture |
| 14:55 | Build | Pasture |
| 15:08 | Build | Pasture |
| 15:14 | Create | Villager (Male) |
| 15:28 | Research | Forging |
| 15:34 | Create | Villager (Male) |
| 15:44 | Create | Villager (Male) |
| 15:59 | Create | Villager (Male) |
| 16:39 | Create | Villager (Male) |
| 16:40 | Create | Villager (Male) |
| 16:42 | Build | Pasture |
| 16:45 | Create | Villager (Male) |
| 16:49 | Build | Mining Camp |
| 16:52 | Create | Villager (Male) |
| 16:56 | Build | House |
| 17:04 | Create | Scout Cavalry |
| 17:27 | Create | Scout Cavalry |
| 17:40 | Create | Villager (Male) |
| 17:52 | Create | Villager (Male) |
| 17:57 | Build | Palisade Gate |
| 18:02 | Create | Villager (Male) |
| 18:26 | Create | Villager (Male) |
| 18:26 | Create | Villager (Male) |
| 18:31 | Create | Villager (Male) |
| 18:35 | Build | House |
| 18:41 | Create | Villager (Male) |
| 18:53 | Create | Scout Cavalry |
| 18:58 | Create | Villager (Male) |
| 19:02 | Create | Villager (Male) |
| 19:22 | Build | Watch Tower |
| 19:25 | Create | Villager (Male) |
| 19:34 | Create | Villager (Male) |
| 19:42 | Create | Villager (Male) |
| 19:52 | Create | Villager (Male) |
| 20:06 | Create | Villager (Male) |
| 20:09 | Create | Villager (Male) |
| 20:17 | Create | Scout Cavalry |
| 20:18 | Create | Scout Cavalry |
| 20:23 | Build | House |
| 20:36 | Create | Villager (Male) |
| 20:40 | Create | Villager (Male) |
| 20:47 | Create | Villager (Male) |
| 20:51 | Build | Pasture |
| 21:03 | Create | Villager (Male) |
| 21:32 | Build | House |
| 21:38 | Create | Scout Cavalry |
| 22:25 | Create | Scout Cavalry |
| 22:25 | Create | Scout Cavalry |
| 22:26 | Create | Scout Cavalry |
| 22:35 | Create | Scout Cavalry |
| 23:31 | Build | Market |
| 24:05 | Create | Scout Cavalry |
| 24:16 | Build | Town Center |
| 24:38 | Create | Scout Cavalry |
| 25:13 | Create | Villager (Male) |
| 25:14 | Create | Villager (Male) |
| 25:15 | Create | Villager (Male) |
| 25:17 | Create | Villager (Male) |
| 25:18 | Create | Villager (Male) |
| 25:19 | Create | Villager (Male) |
| 25:51 | Create | Scout Cavalry |
| 26:14 | Create | Scout Cavalry |
| 26:19 | Build | Pasture |
| 26:38 | Create | Villager (Male) |
| 26:46 | Create | Scout Cavalry |
| 27:10 | Create | Villager (Male) |
| 28:02 | Create | Villager (Male) |
| 28:06 | Create | Villager (Male) |
| 28:07 | Create | Villager (Male) |
| 29:35 | Build | Town Center |
| 30:15 | Create | Villager (Male) |
| 30:17 | Build | Pasture |
| 30:17 | Build | Pasture |
| 30:17 | Build | Pasture |
| 30:34 | Build | Pasture |
Build order — TAG_Sitaux
First 150 of 328 actions detected
| 0:01 | Create | Villager (Male) |
| 0:01 | Create | Villager (Male) |
| 0:02 | Build | House |
| 0:05 | Research | Loom |
| 0:06 | Build | House |
| 0:08 | Create | Villager (Male) |
| 0:09 | Create | Villager (Male) |
| 0:12 | Create | Villager (Male) |
| 1:10 | Create | Villager (Male) |
| 1:51 | Create | Villager (Male) |
| 1:51 | Create | Villager (Male) |
| 2:12 | Create | Villager (Male) |
| 2:56 | Create | Villager (Male) |
| 3:20 | Create | Villager (Male) |
| 3:20 | Create | Villager (Male) |
| 3:39 | Create | Villager (Male) |
| 3:48 | Build | Lumber Camp |
| 3:53 | Create | Villager (Male) |
| 4:04 | Build | House |
| 4:23 | Create | Villager (Male) |
| 4:27 | Build | Palisade Wall |
| 4:28 | Build | Palisade Wall |
| 4:54 | Create | Villager (Male) |
| 5:19 | Build | Mining Camp |
| 5:24 | Create | Villager (Male) |
| 5:50 | Create | Villager (Male) |
| 6:19 | Create | Villager (Male) |
| 6:44 | Research | Feudal Age |
| 6:44 | Research | Feudal Age |
| 7:31 | Build | Palisade Gate |
| 7:57 | Create | Villager (Male) |
| 7:59 | Build | Barracks |
| 8:55 | Age | Feudal Age |
| 9:00 | Build | House |
| 9:02 | Build | Archery Range |
| 9:03 | Build | Archery Range |
| 9:14 | Research | Double-Bit Axe |
| 9:36 | Create | Villager (Male) |
| 9:41 | Build | House |
| 9:56 | Create | Archer |
| 9:57 | Create | Archer |
| 9:58 | Create | Villager (Male) |
| 10:03 | Create | Archer |
| 10:22 | Create | Archer |
| 10:27 | Create | Villager (Male) |
| 10:31 | Build | Blacksmith |
| 10:39 | Build | House |
| 10:39 | Build | House |
| 10:44 | Create | Archer |
| 10:49 | Create | Villager (Male) |
| 10:52 | Create | Archer |
| 11:01 | Create | Spearman |
| 11:14 | Build | House |
| 11:37 | Create | Villager (Male) |
| 11:40 | Build | Mill |
| 11:56 | Create | Archer |
| 11:56 | Create | Archer |
| 12:12 | Create | Villager (Male) |
| 12:26 | Create | Archer |
| 12:26 | Create | Archer |
| 12:26 | Create | Archer |
| 12:30 | Build | Palisade Wall |
| 12:31 | Build | Palisade Wall |
| 12:33 | Build | Palisade Wall |
| 12:34 | Build | Palisade Wall |
| 12:49 | Create | Archer |
| 13:04 | Create | Archer |
| 13:19 | Research | Fletching |
| 13:20 | Create | Archer |
| 13:45 | Create | Archer |
| 13:59 | Create | Archer |
| 14:03 | Create | Villager (Male) |
| 14:05 | Create | Archer |
| 14:12 | Create | Archer |
| 14:16 | Create | Archer |
| 14:29 | Create | Villager (Male) |
| 14:31 | Create | Archer |
| 14:31 | Create | Archer |
| 14:47 | Create | Villager (Male) |
| 14:51 | Create | Archer |
| 14:55 | Build | Archery Range |
| 14:58 | Create | Archer |
| 15:20 | Create | Villager (Male) |
| 15:21 | Build | Farm |
| 15:24 | Build | House |
| 15:25 | Build | Palisade Wall |
| 15:27 | Build | House |
| 15:40 | Create | Archer |
| 15:44 | Create | Archer |
| 15:46 | Create | Villager (Male) |
| 15:52 | Create | Archer |
| 16:03 | Build | House |
| 16:10 | Create | Archer |
| 16:19 | Create | Archer |
| 16:23 | Create | Archer |
| 16:26 | Create | Villager (Male) |
| 16:36 | Create | Archer |
| 16:46 | Create | Villager (Male) |
| 16:50 | Build | Farm |
| 16:56 | Create | Archer |
| 17:10 | Create | Archer |
| 17:13 | Create | Archer |
| 17:35 | Create | Villager (Male) |
| 17:36 | Build | Farm |
| 17:38 | Build | Farm |
| 17:45 | Create | Archer |
| 18:03 | Create | Archer |
| 18:08 | Create | Villager (Male) |
| 18:09 | Build | Farm |
| 18:15 | Create | Archer |
| 18:25 | Create | Archer |
| 18:28 | Create | Villager (Male) |
| 18:32 | Create | Villager (Male) |
| 18:33 | Build | House |
| 18:35 | Create | Archer |
| 18:38 | Create | Archer |
| 18:45 | Create | Archer |
| 18:47 | Research | Padded Archer Armor |
| 18:49 | Research | Double-Bit Axe |
| 18:49 | Research | Double-Bit Axe |
| 18:52 | Build | House |
| 19:04 | Create | Archer |
| 19:23 | Create | Archer |
| 19:27 | Create | Villager (Male) |
| 19:29 | Create | Archer |
| 19:39 | Build | House |
| 19:42 | Build | Lumber Camp |
| 19:48 | Create | Villager (Male) |
| 19:51 | Create | Archer |
| 20:03 | Create | Archer |
| 20:11 | Build | Farm |
| 20:13 | Build | Farm |
| 20:16 | Create | Villager (Male) |
| 20:17 | Create | Archer |
| 20:21 | Create | Villager (Male) |
| 20:27 | Create | Archer |
| 20:38 | Create | Archer |
| 20:39 | Create | Villager (Male) |
| 20:40 | Create | Villager (Male) |
| 20:40 | Build | Farm |
| 20:43 | Build | Farm |
| 20:44 | Build | Farm |
| 20:49 | Build | Farm |
| 20:57 | Create | Archer |
| 21:03 | Create | Archer |
| 21:06 | Build | Farm |
| 21:11 | Create | Villager (Male) |
| 21:30 | Create | Archer |
| 21:45 | Create | Archer |
| 21:50 | Create | Archer |
Build order — hillpwn
First 150 of 205 actions detected
| 0:02 | Build | House |
| 0:02 | Build | House |
| 0:03 | Create | Villager (Male) |
| 0:04 | Create | Villager (Male) |
| 0:08 | Create | Villager (Male) |
| 0:09 | Create | Villager (Male) |
| 0:09 | Create | Villager (Male) |
| 1:32 | Create | Villager (Male) |
| 2:04 | Create | Villager (Male) |
| 2:04 | Create | Villager (Male) |
| 2:12 | Build | Lumber Camp |
| 2:13 | Create | Villager (Male) |
| 2:14 | Create | Villager (Male) |
| 2:45 | Create | Villager (Male) |
| 3:02 | Create | Villager (Male) |
| 3:02 | Create | Villager (Male) |
| 3:14 | Build | House |
| 3:15 | Build | House |
| 3:33 | Create | Villager (Male) |
| 3:33 | Create | Villager (Male) |
| 3:54 | Create | Villager (Male) |
| 4:12 | Build | House |
| 4:37 | Create | Villager (Male) |
| 4:38 | Create | Villager (Male) |
| 4:59 | Create | Villager (Male) |
| 5:32 | Build | Barracks |
| 5:41 | Create | Villager (Male) |
| 5:41 | Create | Villager (Male) |
| 5:41 | Create | Villager (Male) |
| 6:10 | Build | Mill |
| 6:28 | Create | Villager (Male) |
| 6:28 | Create | Villager (Male) |
| 8:01 | Create | Villager (Male) |
| 8:02 | Create | Villager (Male) |
| 8:48 | Research | Loom |
| 9:03 | Research | Feudal Age |
| 9:16 | Build | Mining Camp |
| 9:24 | Build | Farm |
| 9:25 | Build | Farm |
| 9:30 | Build | Farm |
| 10:08 | Build | House |
| 10:11 | Build | House |
| 10:35 | Build | Farm |
| 10:36 | Build | Farm |
| 11:18 | Build | House |
| 11:26 | Age | Feudal Age |
| 11:28 | Build | Archery Range |
| 11:30 | Build | Blacksmith |
| 11:32 | Research | Double-Bit Axe |
| 11:32 | Create | Villager (Male) |
| 12:03 | Build | Palisade Wall |
| 12:04 | Build | House |
| 12:07 | Create | Villager (Male) |
| 12:10 | Create | Archer ×5 |
| 12:12 | Create | Villager (Male) |
| 12:25 | Build | Palisade Wall |
| 12:41 | Build | Farm |
| 12:43 | Create | Spearman |
| 12:43 | Create | Spearman |
| 12:54 | Create | Villager (Male) |
| 12:57 | Build | Farm |
| 13:15 | Research | Fletching |
| 13:52 | Create | Villager (Male) |
| 13:53 | Create | Villager (Male) |
| 13:56 | Build | Archery Range |
| 13:58 | Create | Villager (Male) |
| 13:59 | Create | Archer ×5 |
| 14:21 | Create | Villager (Male) |
| 14:42 | Create | Villager (Male) |
| 14:57 | Create | Archer |
| 14:57 | Create | Archer |
| 14:58 | Research | Padded Archer Armor |
| 15:13 | Build | House |
| 15:23 | Build | Farm |
| 15:23 | Build | Farm |
| 15:44 | Create | Archer |
| 15:44 | Create | Archer |
| 15:45 | Create | Villager (Male) |
| 15:45 | Create | Villager (Male) |
| 15:48 | Build | Mill |
| 16:01 | Create | Villager (Male) |
| 16:28 | Create | Villager (Male) |
| 16:32 | Build | Farm |
| 16:33 | Build | Farm |
| 17:00 | Create | Villager (Male) |
| 17:16 | Create | Archer ×4 |
| 17:17 | Create | Archer ×4 |
| 17:45 | Create | Villager (Male) |
| 17:50 | Create | Archer ×2 |
| 17:50 | Create | Archer ×2 |
| 18:00 | Create | Villager (Male) |
| 18:00 | Create | Villager (Male) |
| 18:39 | Build | House |
| 18:40 | Build | House |
| 19:03 | Create | Archer ×5 |
| 19:43 | Build | Archery Range |
| 20:15 | Create | Archer ×5 |
| 20:15 | Create | Archer ×5 |
| 20:17 | Create | Villager (Male) |
| 20:38 | Build | Farm |
| 20:41 | Research | Castle Age |
| 21:05 | Build | Farm |
| 21:27 | Build | Farm |
| 21:43 | Create | Archer ×5 |
| 21:44 | Create | Archer ×2 |
| 21:54 | Build | House |
| 22:32 | Create | Archer ×4 |
| 22:33 | Create | Villager (Male) |
| 22:34 | Create | Villager (Male) |
| 22:38 | Build | Farm |
| 23:22 | Age | Castle Age |
| 23:39 | Research | Crossbowman (upgrade) |
| 23:39 | Research | Crossbowman (upgrade) |
| 23:45 | Research | Bodkin Arrow |
| 23:46 | Research | Bodkin Arrow |
| 23:54 | Create | Archer ×4 |
| 24:12 | Research | Thumb Ring |
| 24:13 | Create | Archer ×2 |
| 24:13 | Create | Archer ×2 |
| 24:15 | Create | Villager (Male) |
| 24:15 | Create | Villager (Male) |
| 24:16 | Create | Villager (Male) |
| 25:12 | Build | Market |
| 25:13 | Research | Leather Archer Armor |
| 25:14 | Create | Archer ×3 |
| 25:32 | Create | Archer |
| 26:06 | Create | Villager (Male) |
| 26:07 | Create | Villager (Male) |
| 26:09 | Build | Town Center |
| 26:10 | Build | House |
| 26:12 | Build | House |
| 26:13 | Build | House |
| 27:03 | Create | Villager (Male) |
| 27:03 | Create | Villager (Male) |
| 27:03 | Create | Villager (Male) |
| 27:05 | Create | Archer ×3 |
| 27:06 | Create | Archer ×3 |
| 27:25 | Create | Villager (Male) |
| 27:25 | Create | Villager (Male) |
| 27:25 | Create | Villager (Male) |
| 27:25 | Create | Villager (Male) |
| 27:26 | Create | Villager (Male) |
| 27:29 | Create | Archer ×5 |
| 27:30 | Create | Archer ×5 |
| 27:32 | Build | Farm |
| 27:33 | Build | Farm |
| 27:35 | Build | Farm |
| 27:37 | Build | Farm |
| 28:00 | Build | University |
| 28:32 | Create | Archer ×5 |
Match timeline
| 4:27 | TAG_Sitaux · wall_segment Palisade Wall x1 |
| 4:28 | TAG_Sitaux · wall_segment Palisade Wall x1 |
| 5:32 | hillpwn · first_building Barracks |
| 7:59 | TAG_Sitaux · first_building Barracks |
| 8:40 | Smiley · age_up feudal |
| 8:42 | Bacarah · first_building Barracks |
| 8:55 | TAG_Sitaux · age_up feudal |
| 9:02 | TAG_Sitaux · first_building Archery Range |
| 9:16 | Bacarah · age_up feudal |
| 9:32 | Bacarah · first_building Stable |
| 10:28 | Bacarah · wall_segment Palisade Wall x3 |
| 10:40 | Smiley · first_building Siege Workshop |
| 11:26 | Bacarah · wall_segment Palisade Wall x8 |
| 11:26 | hillpwn · age_up feudal |
| 11:28 | hillpwn · first_building Archery Range |
| 12:03 | hillpwn · wall_segment Palisade Wall x6 |
| 12:25 | hillpwn · wall_segment Palisade Wall x1 |
| 12:30 | TAG_Sitaux · wall_segment Palisade Wall x1 |
| 12:31 | TAG_Sitaux · wall_segment Palisade Wall x1 |
| 12:33 | TAG_Sitaux · wall_segment Palisade Wall x1 |
| 12:34 | TAG_Sitaux · wall_segment Palisade Wall x1 |
| 15:25 | TAG_Sitaux · wall_segment Palisade Wall x9 |
| 18:47 | Smiley · wall_segment Palisade Wall x4 |
| 23:22 | hillpwn · age_up castle |
| 24:13 | Bacarah · first_market_buy 100 stone |
| 24:14 | TAG_Sitaux · first_market_sell 500 stone |
| 24:16 | TAG_Sitaux · first_market_buy 100 food |
| 27:15 | TAG_Sitaux · age_up castle |
| 27:28 | hillpwn · first_market_sell 100 food |
| 28:31 | Smiley · wall_segment Palisade Wall x1 |
| 29:27 | Bacarah · first_market_sell 100 wood |
| 30:45 | hillpwn · first_market_buy 100 wood |
| 33:31 | Smiley · age_up castle |
| 35:21 | hillpwn · first_building Siege Workshop |
| 37:53 | Smiley · first_building Monastery |
| 38:13 | hillpwn · resign |
| 39:02 | Smiley · first_building Barracks |
| 39:37 | Smiley · first_market_buy 100 stone |
| 39:42 | Smiley · first_market_sell 100 food |
| 39:54 | Smiley · first_building Castle |
| 42:11 | Smiley · age_up imperial |
[ AI ANALYSIS · 1 CREDIT ]
What really happened in this match?
Wolo.gg analyzes every decision: build order, eco, micro, common mistakes by bracket. Personalized analysis on WhatsApp or Discord in 30 seconds.
Civ guide
Cumans
Perfil
Smiley